 Dungeon Crawl Stone Soup version 0.30.0 (webtiles) character file.

Game seed: 11373043083381336308

54394 Daunt the Brawler (level 14, -2/144 HPs)
             Began as a Troll Wanderer on May 5, 2023.
             Was a Priest of Jiyva.
             Slain by a five-headed hydra (7 damage)
             ... on level 14 of the Dungeon on May 6, 2023.
             The game lasted 01:28:38 (19908 turns).

Daunt the Brawler (Troll Wanderer)                 Turns: 19908, Time: 01:28:38

Health: -2/144     AC: 10    Str: 26    XL:     14   Next: 34%
Magic:  14/14      EV:  9    Int:  8    God:    Jiyva [***...]
Gold:   553        SH:  8    Dex: 10    Spells: 14/15 levels left

rFire   . . .        I - +0 scimitar (flame)
rCold   . . .        M - +0 kite shield
rNeg    . . .        S - +2 robe {Will+}
rPois   .            (helmet unavailable)
rElec   .            (no cloak)
rCorr   +            (gloves unavailable)
SInv    .            (boots unavailable)
Will    ++...        z - amulet of magic regeneration
Stlth   +            L - +4 ring of protection
HPRegen 2.36/turn    C - +4 ring of slaying
MPRegen 0.89/turn

%: clarity
@: no status effects
A: large, unfitting armour, claws 3, regeneration 1, shaggy fur 1, tough skin 1,
horns 3, clarity
a: Renounce Religion, Oozemancy


You were on level 14 of the Dungeon.
You worshipped Jiyva.
Jiyva was most pleased with you.
You visited 4 branches of the dungeon, and saw 25 of its levels.
You also visited: Ossuary.

You collected 1315 gold pieces.
You spent 762 gold pieces at shops.

Inventory:

Hand Weapons
 I - a +0 scimitar of flaming (weapon)
Missiles
 h - 140 stones (quivered)
 l - 5 datura-tipped darts
 r - 39 poisoned darts
 t - 3 boomerangs
 O - 4 curare-tipped darts
 T - 24 large rocks
 V - 3 throwing nets
 W - 2 silver boomerangs
Armour
 b - a +0 hat
 d - a +1 robe of cold resistance
 x - an orb of wrath
 M - a +0 kite shield (worn)
 N - the scarf of Indemnity {harm, +Blink Will+}
   (You found it on level 7 of the Dungeon)

   +Blink:    It lets you blink.
   Will:      It increases your willpower.
 S - a +2 robe of willpower (worn)
Jewellery
 j - a ring of protection from cold
 k - a ring of positive energy
 z - an amulet of magic regeneration (around neck)
 C - a +4 ring of slaying (right claw)
 L - a +4 ring of protection (left claw)
 P - the ring "Uwearov" {rPois rF+ Int+6 Dex+2 Stlth-}
   (You bought it in a shop on level 1 of the Dungeon)

   [ring of protection from fire]

   Int:       It affects your intelligence (+6).
   Dex:       It affects your dexterity (+2).
   rF:        It protects you from fire.
   rPois:     It protects you from poison.
   Stlth:     It makes you less stealthy.
Wands
 i - a wand of roots (1)
 s - a wand of polymorph (1)
 B - a wand of flame (41)
 D - a wand of paralysis (1)
 Q - a wand of acid (6)
 X - a wand of mindburst (14)
Scrolls
 a - a scroll of silence {unknown}
 c - 3 scrolls of fear
 g - 3 scrolls of immolation
 m - 2 scrolls of magic mapping
 n - a scroll of blinking
 p - 2 scrolls of summoning
 u - 3 scrolls of enchant armour {unknown}
 w - 4 scrolls of poison {unknown}
 y - 4 scrolls of teleportation
 R - 4 scrolls of fog
 U - a scroll of enchant weapon
Potions
 e - 3 potions of attraction
 f - 16 potions of curing
 o - a potion of cancellation
 q - 5 potions of heal wounds
 v - 3 potions of mutation
 A - 2 potions of flight
 E - 2 potions of might
 F - 4 potions of resistance
 G - 9 potions of haste
 H - 3 potions of lignification
 K - a potion of berserk rage
 Y - 2 potions of magic
 Z - 2 potions of ambrosia
Miscellaneous
 J - a tin of tremorstones (2/2)


   Skills:
 - Level 10.4 Fighting
 - Level 10.1 Throwing
 - Level 4.5 Armour
 - Level 4.7 Dodging
 - Level 1.0 Stealth
 + Level 3.2 Shields
 - Level 16.3 Unarmed Combat
 - Level 1.0 Spellcasting
 - Level 2.1 Ice Magic
 - Level 5.0 Evocations


You had 14 spell levels left.
You knew the following spells:

 Your Spells              Type           Power      Damage    Failure   Level
a - Freeze                Ice            12%        1d3       32%         1

Your spell library contained the following spells:

 Spells                   Type           Power      Damage    Failure   Level
 Kiss of Death            Conj/Necr      0%         2d5       63%         1
 Magic Dart               Conj           0%         1d3       63%         1
 Sandblast                Erth           0%         2d4       63%         1
 Sting                    Tmut/Pois      0%         1d3       63%         1
 Frozen Ramparts          Ice            6%         1d1       69%         3
 Ozocubu's Armour         Ice            3%         N/A       69%         3
 Cigotuvi's Dreadful Rot  Necr/Pois/Air  0%         N/A       77%         2
 Lesser Beckoning         Tloc           0%         N/A       77%         2
 Passwall                 Tmut/Erth      0%         N/A       77%         2
 Poisonous Vapours        Pois/Air       0%         N/A       77%         2
 Searing Ray              Conj           0%         2d4       77%         2
 Static Discharge         Conj/Air       0%         2-2/arc   77%         2
 Confusing Touch          Hex            0%         N/A       94%         3
 Gell's Gravitas          Tloc           0%         N/A       94%         3
 Inner Flame              Hex/Fire       0%         N/A       94%         3
 Stone Arrow              Conj/Erth      0%         3d7       94%         3
 Teleport Other           Tloc           0%         N/A       94%         3
 Vhi's Electric Charge    Tloc/Air       0%         N/A       94%         3
 Volatile Blastmotes      Fire/Tloc      0%         2d10      94%         3
 Airstrike                Air            0%         2d(0-16)  100%        4
 Dispel Undead            Necr           0%         3d6       100%        4
 Fulminant Prism          Conj/Hex       0%         3d5       100%        4
 Iskenderun's Mystic Bla  Conj/Tloc      0%         2d3       100%        4
 Olgreb's Toxic Radiance  Pois           0%         N/A       100%        4
 Summon Lightning Spire   Summ/Air       0%         N/A       100%        4
 Arcjolt                  Conj/Air       0%         1d10      100%        5
 Lee's Rapid Deconstruct  Erth           0%         3d4*      100%        5
 Yara's Violent Unravell  Hex/Tmut       0%         3d3       100%        5
 Death Channel            Necr           0%         N/A       100%        6
 Plasma Beam              Fire/Air       0%         2x1d11    100%        6
 Enfeeble                 Hex            0%         N/A       100%        7


Dungeon Overview and Level Annotations

Branches:
Dungeon (15/15)            Temple (1/1) D:4            Lair (4/5) D:8
  Swamp (0/4) Lair:3        Snake (0/4) Lair:3        Slime (5/5) Lair:4
    Orc (0/2) D:11         Vaults (0/5) D:13         Depths (0/4) D:15
Ossuary (visited)

Altars:
Ashenzari
Cheibriados
Dithmenos
Elyvilon
Fedhas
Gozag
Hepliaklqana
Kikubaaqudgha
Makhleb
Nemelex Xobeh
Okawaru
Qazlal
Ru
Sif Muna
Trog
Uskayaw
Vehumet
Wu Jian
Xom
Yredelemnul
Zin
The Shining One
Jiyva

Shops:
D:1 :=(*?   D:7 (

Annotations:
D:4 3 runed translucent doors, 13Fox's ghost, amateur MiHu
D:11 dig


Innate Abilities, Weirdness & Mutations

You are too large for most types of armour.
You have claws for hands.
Your natural rate of healing is unusually fast.
You are covered in fur. (AC +1)
You have tough skin. (AC +1)
You have a pair of large horns on your head.
You possess an exceptional clarity of mind.


Message History

The five-headed hydra bites you. x3
The five-headed hydra closely misses you. x2
Unknown command.
Unknown command.
Unknown command.
Unknown command.
Throw: 140 stones
Press: ? - help, Q - select action, (/) - cycle Shift-Dir - straight line, f - five-headed hydra
Aim: a five-headed hydra (moderately wounded, 84% to hit)
Okay, then.
Throw: 5 darts (curare)
Press: ? - help, Shift-Dir - straight line, f - five-headed hydra
Aim: a five-headed hydra (moderately wounded, 84% to hit)
You throw a curare-tipped dart.
The curare-tipped dart hits the five-headed hydra.
The five-headed hydra is moderately wounded.
The five-headed hydra closely misses you.
The five-headed hydra bites you!
* * * LOW HITPOINT WARNING * * *
The five-headed hydra bites you.
* * * LOW HITPOINT WARNING * * *
The five-headed hydra bites you!
* * * LOW HITPOINT WARNING * * *
The five-headed hydra bites you!
* * * LOW HITPOINT WARNING * * *
Press: ? - help, v - describe, . - travel, g - get item
Here: a five-headed hydra (moderately wounded) Item here: a curare-tipped dart.
The floor, spattered with blood.
Unknown command.
Unknown command.
As you read the scroll of fear, it crumbles to dust.
You assume a fearsome visage.
The five-headed hydra resists with some effort.
The five-headed hydra bites you but does no damage.
You block the five-headed hydra's attack.
The five-headed hydra bites you!
* * * LOW HITPOINT WARNING * * *
The five-headed hydra bites you!
You die...

.#.#...#.#.#..# #.........####.
############..# #..#####..<...<
.......# #..# #..# #.......
#####..# #..#####..# #.......
#..# #.........#####....... #..#
#..................... #..#
#.........####........
#..#####.........# #........
#####...........@....# #........
.......#####....D....####........
######.# #.....................
#.# #..................... #.#
#.............#####... #.#
#..########...# #... #.# #..#
#...# #... ######.#####..# #...#
#... ..............# #...# #...


You could see a five-headed hydra.

Vanquished Creatures
  Kirke (D:11)
  A vault guard (D:13)
  4 hydras
  2 ogre magi
  3 boulder beetles
  4 centaur warriors
  A tengu warrior (D:14)
  10 two-headed ogres
  Nergalle (Lair:2)
  3 skysharks
  Amaemon (D:11)
  Pikel (D:3)
  A bog body (Lair:3)
  9 ugly things
  2 cyclopes
  3 deep elf pyromancers
  3 slime creatures
  4 black mambas
  Maggie (D:7)
  A gargoyle (D:13)
  An orange demon (D:10)
  7 cane toads
  2 unseen horrors (D:11)
  A freezing wraith (D:13)
  A komodo dragon (shapeshifter) (D:13)
  A rime drake (Lair:2)
  7 komodo dragons
  An efreet (D:13)
  6 trolls
  An ice devil (D:10)
  A wind drake (shapeshifter) (D:13)
  4 meliai
  2 polar bears
  2 hornets
  Grinder (D:2)
  6 dream sheep (Lair:3)
  2 raiju (D:10)
  9 blink frogs
  2 shadows
  3 wyverns
  3 wraiths
  A water elemental (D:12)
  A human (D:9)
  24 yaks
  A fire elemental (D:10)
  6 hogs
  8 vampire mosquitoes
  2 steam dragons (D:10)
  3 basilisks
  A naga (Lair:3)
  2 acid dragons
  9 water moccasins
  An orc warrior (D:11)
  3 ice beasts
  2 sky beasts (D:7)
  2 black bears
  5 wolves (Lair:3)
  A lemure (D:4)
  3 ogres (D:5)
  5 centaurs
  3 phantoms
  4 kobold brigands
  Blork the orc (D:6)
  8 bullfrogs
  3 gnoll sergeants
  3 scorpions
  9 wights
  11 killer bees (D:9)
  2 electric eels
  9 howler monkeys
  4 hounds
  2 jellies
  2 orc priests
  A sleepcap (D:5)
  3 iguanas
  A gnoll bouda (D:8)
  17 orc wizards
  6 hell rats (Lair:3)
  4 mummies
  18 gnolls
  8 adders
  A white imp (D:8)
  A worm (D:3)
  4 dart slugs
  48 orcs
  3 ball pythons
  4 endoplasms
  5 giant cockroaches
  7 goblins
  4 hobgoblins
  7 jackals
  6 quokkas
  5 bats
  5 frilled lizards (D:2)
  3 goblin zombies
  4 hobgoblin zombies (Ossuary)
  29 kobolds
  4 kobold zombies
  An orc zombie (Ossuary)
  8 rats
467 creatures vanquished.

Vanquished Creatures (others)
  The ghost of browni3141 the Basher, a journeyman AtDe of the Shining One (D:14)
  A centaur warrior (D:14)
  A glowing orange brain (D:13)
  A glowing orange brain (shapeshifter) (D:13)
  An efreet (D:14)
  A tengu conjurer (D:13)
  9 slime creatures
  A wraith (D:13)
  A warg (shapeshifter) (D:15)
  5 jellies
  An orc wizard (D:9)
  An orc (D:7)
  11 fungi
  20 plants
  4 withered plants (D:15)
59 creatures vanquished.

Grand Total: 526 creatures vanquished

Notes
Turn   | Place    | Note
-------+----------+-------------------------------------------
     0 | D:1      | Daunt the Troll Wanderer began the quest for the Orb.
     0 | D:1      | Daunt set off with the following items: a +0 club, a +0
                  | hat, a scroll of fear, a +0 robe, a potion of attraction;
                  | and the following spell memorised: Freeze; and the
                  | following spells available to memorise: Frozen Ramparts,
                  | Ozocubu's Armour.
     0 | D:1      | Reached XP level 1. HP: 19/19 MP: 1/1
    27 | D:1      | Found Taik's Antique Weapon Shop.
    28 | D:1      | Found Gucy's General Store.
    93 | D:1      | Found Kuaho's Magic Scroll Shoppe.
   269 | D:1      | Found Omoeng's Jewellery Shoppe.
   288 | D:1      | Reached skill level 2 in Unarmed Combat
   319 | D:1      | Reached XP level 2. HP: 27/27 MP: 2/2
   522 | D:1      | Found Weinet's Book Emporium.
   687 | D:2      | Found a hazy altar of Hepliaklqana.
   724 | D:2      | Reached skill level 3 in Unarmed Combat
   745 | D:1      | Reached XP level 3. HP: 29/33 MP: 3/3
   852 | D:2      | Reached skill level 4 in Unarmed Combat
   852 | D:2      | Reached XP level 4. HP: 41/41 MP: 4/4
  2007 | D:3      | Noticed Grinder
  2043 | D:3      | Paralysed by Grinder for 5 turns
  2059 | D:2      | Paralysed by Grinder for 3 turns
  2065 | D:2      | Paralysed by Grinder for 5 turns
  2079 | D:2      | Killed Grinder
  2080 | D:2      | Reached skill level 6 in Unarmed Combat
  2080 | D:2      | Reached XP level 5. HP: 17/48 MP: 5/5
  2080 | D:2      | Reached XP level 6. HP: 20/55 MP: 6/6
  2620 | D:4      | Noticed Pikel
  3032 | D:3      | Killed Pikel
  3033 | D:3      | Reached skill level 8 in Unarmed Combat
  3033 | D:3      | Reached XP level 7. HP: 37/62 MP: 7/7
  3196 | D:4      | Found a runed translucent gate.
  3197 | D:4      | Found a runed translucent gate.
  3197 | D:4      | Found a runed translucent gate.
  3199 | D:4      | Noticed 13Fox's ghost (amateur MiHu)
  3224 | D:4      | Found a staircase to the Ecumenical Temple.
  3328 | D:4      | Reached skill level 9 in Unarmed Combat
  3418 | D:4      | Found an ornate altar of the Wu Jian Council.
  3519 | Temple   | Entered the Ecumenical Temple
  3794 | D:5      | Entered Level 5 of the Dungeon
  3832 | D:5      | Reached XP level 8. HP: 61/70 MP: 8/8
  3958 | D:5      | Reached skill level 10 in Unarmed Combat
  4191 | D:5      | Found a bloodstained altar of Trog.
  4426 | D:6      | Found a sand-covered staircase.
  4433 | Ossuary  | Entered an ossuary
  4888 | D:6      | Reached skill level 11 in Unarmed Combat
  4888 | D:6      | Reached XP level 9. HP: 75/84 MP: 9/9
  5372 | D:6      | Noticed Blork the orc
  5493 | D:1      | Bought a scroll of identify for 20 gold pieces
  5493 | D:1      | Bought a scroll of identify for 20 gold pieces
  5493 | D:1      | Bought a scroll of summoning for 95 gold pieces
  5493 | D:1      | Bought a scroll of identify for 20 gold pieces
  5499 | D:1      | Bought a scroll of fog for 40 gold pieces
  5631 | D:7      | Found the +9 staff of Olgreb {rPois∞}
  5654 | D:7      | Identified the scarf of Indemnity {harm, +Blink Will+}
  5711 | D:7      | Found Zipsanoh's Weapon Shoppe.
  5930 | D:7      | Reached skill level 1 in Throwing
  6044 | D:7      | Reached skill level 12 in Unarmed Combat
  6267 | D:7      | Noticed Maggie
  6276 | D:7      | Killed Maggie
  6277 | D:7      | Reached skill level 5 in Fighting
  6497 | D:6      | Killed Blork the orc
  6577 | D:6      | Found a white marble altar of Elyvilon.
  6585 | D:6      | Became a worshipper of Elyvilon the Healer
  6708 | D:6      | Reached XP level 10. HP: 78/96 MP: 10/10
  6947 | D:6      | Found a stormy altar of Qazlal.
  6950 | D:6      | Found an iron altar of Okawaru.
  6953 | D:6      | Found a sparkling altar of Nemelex Xobeh.
  7368 | D:8      | Found a basalt altar of Yredelemnul.
  7592 | D:8      | Reached * piety under Elyvilon
  7662 | D:8      | Found a staircase to the Lair.
  8149 | D:9      | Paralysed by a hornet for 3 turns
  8154 | D:9      | Reached skill level 13 in Unarmed Combat
  8173 | D:9      | Noticed a two-headed ogre
  8184 | D:9      | Killed a two-headed ogre
  8218 | D:9      | Found a broken altar of Ashenzari.
  8399 | D:9      | Noticed a two-headed ogre
  8405 | D:9      | Killed a two-headed ogre
  8456 | D:9      | Reached ** piety under Elyvilon
  8613 | D:9      | Reached XP level 11. HP: 105/105 MP: 11/11
  8841 | D:9      | Found a glowing silver altar of Zin.
  9109 | D:10     | Entered Level 10 of the Dungeon
  9143 | D:9      | Reached skill level 5 in Throwing
  9227 | D:10     | Noticed a deep elf pyromancer
  9233 | D:10     | Killed a deep elf pyromancer
  9356 | D:10     | Found a shadowy altar of Dithmenos.
  9367 | D:10     | Found a hide-covered altar of Uskayaw.
  9466 | D:10     | Reached *** piety under Elyvilon
  9628 | D:10     | Reached skill level 14 in Unarmed Combat
  9685 | D:10     | Found an opulent altar of Gozag.
  9863 | D:10     | Found a burning altar of Makhleb.
 10158 | D:11     | Reached **** piety under Elyvilon
 10175 | D:11     | Noticed Amaemon
 10225 | D:11     | Killed Amaemon
 10435 | D:11     | Found a staircase to the Orcish Mines.
 10438 | D:11     | Noticed a two-headed ogre
 10480 | D:10     | Killed a two-headed ogre
 10481 | D:10     | Reached skill level 5 in Evocations
 10672 | D:10     | Reached XP level 12. HP: 24/119 MP: 12/12
 10933 | D:11     | Noticed an entropy weaver
 11350 | Lair:1   | Entered Level 1 of the Lair of Beasts
 11520 | D:1      | Bought the ring "Uwearov" {rPois rF+ Int+6 Dex+2 Stlth-}
                  | for 567 gold pieces
 12013 | Lair:1   | Reached ***** piety under Elyvilon
 13497 | Lair:2   | Reached skill level 15 in Unarmed Combat
 13497 | Lair:2   | Noticed Nergalle
 13511 | Lair:2   | Killed Nergalle
 14363 | Lair:3   | Found a staircase to the Snake Pit.
 14402 | Lair:3   | Found the +5 Lochaber axe {reach-cleave, Poleaxe Drain}
 14985 | Lair:3   | Found a staircase to the Swamp.
 15118 | Lair:3   | Reached XP level 13. HP: 126/129 MP: 13/13
 15380 | Lair:3   | HP: 4/131 [six-headed hydra (11)]
 15380 | Lair:3   | Elyvilon protects you from harm!
 15861 | Lair:4   | Found a viscous altar of Jiyva.
 15862 | Lair:4   | Found a staircase to the Slime Pits.
 15877 | Lair:4   | Fell from the grace of Elyvilon
 15877 | Lair:4   | Became a worshipper of Jiyva Jagg the Shapeless
 16346 | D:12     | Noticed Kirke
 16382 | D:11     | Killed Kirke
 16383 | D:11     | Reached skill level 1 in Armour
 16421 | D:12     | Found a hazy altar of Hepliaklqana.
 16629 | D:12     | Reached * piety under Jiyva
 17102 | D:13     | Reached skill level 16 in Unarmed Combat
 17159 | D:13     | Reached skill level 10 in Fighting
 17326 | D:13     | Found a gate to the Vaults.
 17468 | D:13     | Reached ** piety under Jiyva
 17756 | D:13     | Reached XP level 14. HP: 42/143 MP: 14/14
 18073 | D:14     | Found a burning altar of Makhleb.
 18092 | D:13     | Reached skill level 10 in Throwing
 18194 | D:14     | Killed browni3141's ghost
 18540 | Slime:1  | Entered Level 1 of the Pits of Slime
 18548 | Slime:2  | Noticed a rockslime
 18548 | Slime:2  | Noticed a quicksilver ooze
 18551 | Slime:2  | Noticed a quicksilver ooze
 18552 | Slime:3  | Noticed an acid blob
 18575 | Slime:4  | Noticed an acid blob
 18579 | Slime:5  | Entered Level 5 of the Pits of Slime
 18622 | Slime:5  | Noticed a rockslime
 18625 | Slime:5  | Noticed a quicksilver ooze
 18649 | Slime:5  | Noticed an acid blob
 18650 | Slime:5  | Noticed a rockslime
 18661 | Slime:5  | Found a viscous altar of Jiyva.
 18661 | Slime:5  | Noticed an acid blob
 18677 | Slime:5  | Noticed a quicksilver ooze
 18697 | Slime:5  | Noticed a quicksilver ooze
 18705 | Slime:4  | Noticed an azure jelly
 18705 | Slime:4  | Noticed an acid blob
 18707 | Slime:4  | Noticed a quicksilver ooze
 18708 | Slime:4  | Noticed a rockslime
 18734 | Slime:1  | Noticed an acid blob
 19054 | D:14     | Identified the +4 hand axe "Noacwav" {flame, rC+ rCorr
                  | Dex+2 SInv}
 19139 | D:14     | Reached *** piety under Jiyva
 19531 | D:14     | Gained mutation: You possess an exceptional clarity of
                  | mind. [Jiyva's grace]
 19531 | D:14     | Gained mutation: You have a pair of small horns on your
                  | head. [Jiyva's grace]
 19531 | D:14     | Gained mutation: You have a pair of horns on your head.
                  | [Jiyva's grace]
 19531 | D:14     | Gained mutation: You have a pair of large horns on your
                  | head. [Jiyva's grace]
 19687 | D:14     | Found a runed translucent gate.
 19687 | D:14     | Found a runed translucent gate.
 19688 | D:14     | Noticed a rockslime
 19689 | D:14     | Noticed an acid blob
 19691 | D:14     | Found a runed translucent gate.
 19693 | D:14     | Found a viscous altar of Jiyva.
 19718 | D:15     | Entered Level 15 of the Dungeon
 19718 | D:15     | Found a staircase to the Depths.
 19837 | D:15     | Reached skill level 1 in Shields
 19908 | D:14     | HP: 5/144 [five-headed hydra (9)]
 19908 | D:14     | Slain by a five-headed hydra

Illustrated notes

Levels and vault maps discovered:
D:1:      minmay_arrival_four_loops, layout_basic, serial_shops, shop, shop,
          shop, nicolae_shop_trees, shop
D:2:      minmay_inner_zag, layout_loops_ring, serial_forest,
          infiniplex_forest_end_2, infiniplex_forest_lined_3_way,
          infiniplex_forest_corner_2, infiniplex_forest_straight_2,
          infiniplex_forest_lined_room_2, infiniplex_forest_lined_2,
          basic_altar, chequers_big_river, grunt_ministairs_14
D:3:      layout_basic, uniq_grinder
D:4:      layout_cave_pools, lemuel_crystal_altar,
          minmay_temple_entry_stoned_glass, ebering_ghost_rock_garden,
          hangedman_abyss_or_decor_passed, chequers_mini_garden, uniq_pikel
D:5:      layout_rooms, mainiacjoe_overflow_alcove_2
D:6:      layout_loops_ring, nicolae_elyvilon_temple_path,
          minmay_overflow_temple_star_quad, nicolae_ossuary_entry_giza,
          hangedman_minor_gate_pass, uniq_blork_the_orc
D:7:      layout_basic, serial_shops, nicolae_shop_just_a_little_nook,
          uniq_maggie
D:8:      layout_basic, nicolae_overflow_crystal_walls, dpeg_oklobed_lair,
          hangedman_decor_slide_cut
D:9:      layout_loops_cross, mainiacjoe_overflow_six_doors_small, zin_statuary,
          grunt_livestock, nicolae_fountain_basement
D:10:     layout_long_grid, amcnicky_altar_gilded,
          mainiacjoe_overflow_tiny_flanked, mainiacjoe_overflow_chevrons,
          grunt_dithmenos_smoke, dilly_guarded_unrand_elemental_staff
D:11:     layout_cave_pools, david_orc_2, onia_ninara_dug_in_and_dangerous,
          uniq_amaemon
D:12:     layout_basic, serial_rivers, chequers_serial_rivers_micro_d,
          chequers_serial_rivers_room_a, chequers_serial_rivers_micro_d,
          chequers_serial_rivers_small_b, chequers_serial_rivers_large_b,
          nzn_hepliaklqana_mist_gate, uniq_kirke
D:13:     minmay_the_grid_triangle_9x9_rhombus_thin
          [minmay_the_grid_triangle_9x9_corruption,
          minmay_the_grid_triangle_9x9_prize_top_heavy,
          minmay_the_grid_triangle_9x9_impossible_snake,
          minmay_the_grid_triangle_9x9_semitri], layout_irregular_city,
          david_vaults_5
D:14:     layout_small_grid, gammafunk_ghost_ooze, minmay_misc_feat_alley,
          nicolae_twisting_strands, bloody_makhleb
D:15:     gammafunk_depths_entry_grave, layout_basic, good_gods_mini_temple,
          serial_shops, shop, shop
Temple:   grunt_temple_mini_profane
Lair:1:   layout_layer_cave
Lair:2:   layout_hall_layers, uniq_nergalle
Lair:3:   layout_cave_pods, skrybe_swamp_entry_bodies,
          guppyfry_snake_entry_garden, nicolae_quartered_pool_little,
          beast_lair_carwin_7
Lair:4:   layout_cave_pods, slime_entry_1, st_stairs_13, grunt_megastairs_3
Slime:1:  layout_caves
Slime:2:  layout_caves
Slime:3:  layout_caves
Slime:4:  layout_caves
Slime:5

Skill      XL: |  1  2  3  4  5  6  7  8  9 10 11 12 13 14 |
---------------+-------------------------------------------+-----
Unarmed Combat | 2 3 4 6 8 9 11 12 13 14 15 16 | 16.3
Fighting       | 3 5 6 7 9 10 | 10.4
Throwing       | 2 4 6 8 9 10 | 10.1
Evocations     | 2 3 5 |  5.0
Armour         | 3 4 |  4.5
Dodging        | 4 |  4.7
Shields        | 3 |  3.2
Stealth        | |  1.0
Spellcasting   | |  1.0
Ice Magic      | |  2.1

Action                     |  1- 3 |  4- 6 |  7- 9 | 10-12 | 13-15 || total
---------------------------+-------+-------+-------+-------+-------++-------
  Melee: Unarmed           |    60 |   139 |   222 |   450 |   292 ||  1163
         Punch             |     1 |     2 |    11 |    35 |    40 ||    89
         Scimitar          |       |       |       |       |    18 ||    18
         Headbutt          |       |       |       |       |     7 ||     7
   Fire: Sling             |       |     7 |    43 |    50 |     2 ||   102
  Throw: Stone             |       |       |       |     2 |    17 ||    19
         Dart              |       |       |       |       |     1 ||     1
 Invoke: Heal Self         |       |       |       |     2 |     1 ||     3
Ability: Evoke Blink       |       |       |       |     1 |       ||     1
  Evoke: Wand              |       |       |     1 |       |    16 ||    17
    Use: Scroll            |       |     1 |     7 |    12 |     7 ||    27
         Potion            |       |       |       |     4 |     4 ||     8
   Stab: Sleeping          |     1 |     1 |     7 |     2 |       ||    11
         Paralysed         |       |       |     2 |       |     5 ||     7
 Armour: Robe              |    19 |    37 |    34 |   110 |   113 ||   313
         Skin              |       |     1 |       |       |       ||     1
         Steam dragon scal |       |       |     2 |       |       ||     2
  Dodge: Dodged            |    35 |    52 |    70 |   141 |   153 ||   451
  Block: Kite shield       |       |       |       |       |     8 ||     8
